 Dungeon Crawl Stone Soup version 0.29.1-4-g47bece8355 (webtiles) character file.

Game seed: 17563374383490380273

6 DoIIoM the Caller (level 1, -1/11 HPs)
             Began as an Octopode Summoner on Dec 2, 2022.
             Slain by a kobold
             ... wielding a +0 dagger
              (2 damage)
             ... on level 1 of the Dungeon.
             The game lasted 00:00:44 (517 turns).

DoIIoM the Caller (Octopode Summoner)                Turns: 517, Time: 00:00:45

Health: -1/11      AC:  1    Str:  7    XL:     1   Next: 90%
Magic:  3/3        EV: 13    Int: 17    God:
Gold:   28         SH:  0    Dex: 12    Spells: 3/4 levels left

rFire   . . .      SeeInvis .   c - +0 mace
rCold   . . .      Faith    .   (no shield)
rNeg    . . .      Spirit   .   (helmet restricted)
rPois   .          Reflect  .   (no amulet)
rElec   .          Harm     .   (no ring)
rCorr   .          Rampage  .   (no ring)
Will    .....                   (no ring)
Stlth   +++.......              (no ring)
HPRegen 0.03/turn               (no ring)
MPRegen 0.08/turn               (no ring)
                                (no ring)
                                (no ring)

@: no status effects
A: almost no armour, amphibious, 8 rings, camouflage 1, gelatinous body 1,
(nimble swimmer 1), tentacles
a: no special abilities


You were on level 1 of the Dungeon.
You visited 1 branch of the dungeon, and saw 1 of its levels.

You collected 28 gold pieces.

Inventory:

Hand Weapons
 c - a +0 mace (weapon)
Scrolls
 d - a scroll of enchant weapon {unknown}
Potions
 a - a potion of magic
 b - 2 potions of curing {unknown}


   Skills:
 - Level 2.0 Dodging
 + Level 3.0 Stealth
 + Level 2.1 Spellcasting
 + Level 4.1 Summonings


You had 3 spell levels left.
You knew the following spells:

 Your Spells              Type           Power      Damage    Failure   Level
a - Summon Small Mammal   Summ           60%        N/A       3%          1

Your spell library contained the following spells:

 Spells                   Type           Power      Damage    Failure   Level
 Call Imp                 Summ           15%        N/A       5%          2
 Call Canine Familiar     Summ           15%        N/A       11%         3
 Apportation              Tloc           2%         N/A       19%         1
 Necrotise                Necr           4%         1d4       19%         1
 Summon Guardian Golem    Hex/Summ       8%         N/A       24%         3
 Summon Lightning Spire   Summ/Air       8%         N/A       63%         4


Dungeon Overview and Level Annotations

Branches:
Dungeon (1/15)

Altars:


Innate Abilities, Weirdness & Mutations

You cannot wear most types of armour.
You are amphibious.
You can wear up to eight rings at the same time.
Your skin changes colour to match your surroundings (Stealth+).
Your rubbery body absorbs attacks. (AC +1, EV +1)
((You are camouflaged when in or above water. (Stealth+)))
You have tentacles for arms and can constrict up to eight enemies at once.


Message History

You kill the ball python!
No target in view!
You pick up a book of Cantrips and begin reading...
You add the spells Necrotise and Apportation to your library.
Okay, then.
You see here a giant cockroach corpse.
Found a leather armour.
Found a faded altar of an unknown god.
d - a scroll labelled IMA WOVVOWN You see here a +0 mace of holy wrath.
Found a stone staircase leading down.
A kobold comes into view. It is wielding a +0 dagger.
A ball python comes into view.
Found 10 gold pieces.
The kobold shouts!
The ball python hisses angrily.
You barely miss the kobold. Your grab misses the kobold.
The kobold hits you with a +0 dagger.
You hit the kobold. You grab the kobold.
The kobold is moderately wounded.
You constrict the kobold, but do no damage.
The ball python bites you but does no damage.
The ball python closely misses you. The kobold barely misses you.
The ball python closely misses you. The ball python grabs you.
The ball python constricts you.
You hit the ball python. You grab the ball python.
The ball python is severely wounded.
You constrict the kobold, but do no damage.
You constrict the ball python, but do no damage.
The kobold hits you with a +0 dagger. The ball python bites you.
The ball python constricts you.
* * * LOW HITPOINT WARNING * * *
The kobold closely misses you. The ball python bites you.
* * * LOW HITPOINT WARNING * * *
The ball python constricts you.
* * * LOW HITPOINT WARNING * * *
Unknown command.
You hit the ball python.
You kill the ball python!
You constrict the kobold. The kobold hits you with a +0 dagger.
You die...

#....#.###.####....
#..###........#
##..#..........#
..............####
###...###.##......# #
#...# #.##......#
#.###...###.##......#
##............#......#
#....K@.......#......#
#....†........#......#
#..###...###..#.......
#. #...# #..#.......#
#...# #.## ...... ..#
...#.$..... .
...#####. . ..


You could see a kobold.

Vanquished Creatures
  A giant cockroach (D:1)
  A hobgoblin (D:1)
  4 ball pythons (D:1)
  A rat (D:1)
7 creatures vanquished.

Notes
Turn   | Place    | Note
-------+----------+-------------------------------------------
     0 | D:1      | DoIIoM the Octopode Summoner began the quest for the Orb.
     0 | D:1      | Reached XP level 1. HP: 11/11 MP: 3/3
   426 | D:1      | Found a faded altar of an unknown god.
   517 | D:1      | Slain by a kobold

Illustrated notes

Levels and vault maps discovered:
D:1:      dpeg_arrival_round_b, layout_basic,
          shapermc_ecumenical_altar_hornbeckon, minmay_misc_feat_cross,
          minmay_small_reverse_x

Skill      XL: |  1 |
---------------+----+-----
Stealth        | 3 |  3.0
Dodging        | |  2.0
Spellcasting   | |  2.1
Summonings     | |  4.1

Action                   || total
-------------------------++-------
Melee: Mace              ||    13
       Constrict         ||     5
       Unarmed           ||     3
       Tentacles         ||     1
 Stab: Sleeping          ||     4
Armor: Skin              ||     1
Dodge: Dodged            ||    13
